 Dungeon Crawl Stone Soup version 0.22-a0-369-gc73351f (webtiles) character file.

462 Gremour the Magician (level 6, -10/32 HPs)
             Began as a Deep Elf Conjurer on Apr 24, 2018.
             Mangled by a two-headed ogre
             ... wielding a +0 giant club
              (19 damage)
             ... on level 3 of the Dungeon.
             The game lasted 00:27:54 (4027 turns).

Gremour the Magician (Deep Elf Conjurer)            Turns: 4027, Time: 00:27:55

Health: -10/32     AC:  7    Str:  6    XL:     6   Next: 79%
Magic:  11/18      EV: 13    Int: 21    God:
Gold:   127        SH:  0    Dex: 15    Spells: 12/19 levels left

rFire    . . .     SeeInvis .   a - +3 dagger (venom)
rCold    . . .     Gourm    .   (no shield)
rNeg     . . .     Faith    .   b - +3 leather armour {rPois}
rPois    +         Spirit   .   r - +0 helmet
rElec    .         Reflect  .   (no cloak)
rCorr    .         Harm     .   (no gloves)
MR       .....                  (no boots)
Stlth    ++........             (no amulet)
HPRegen  0.10/turn              n - ring of wizardry
MPRegen  0.16/turn              (no ring)

@: no status effects
A: no striking features
a: no special abilities


You were on level 3 of the Dungeon.
You were hungry.

You visited 1 branch of the dungeon, and saw 4 of its levels.

You collected 127 gold pieces.

Inventory:

Hand Weapons
 a - a +3 dagger of venom (weapon)
Armour
 b - a +3 leather armour of poison resistance (worn)
 r - a +0 helmet (worn)
Jewellery
 n - a ring of wizardry (left hand)
Wands
 f - a wand of paralysis (11)
 q - a wand of flame (19)
Scrolls
 d - 8 scrolls of identify
 i - a scroll of enchant armour {unknown}
 j - 2 scrolls of remove curse
 l - 3 scrolls of amnesia
 m - a scroll of enchant weapon
 o - a scroll of fear {unknown}
Potions
 e - a potion of cancellation
 g - a potion of curing
 h - a potion of berserk rage
 k - a potion of resistance {unknown}
 p - a potion of brilliance {unknown}
Comestibles
 c - 4 rations


   Skills:
 + Level 3.9 Dodging
 - Level 2.4 Stealth
 * Level 7.0 Spellcasting
 + Level 6.6 Conjurations


You had 12 spell levels left.
You knew the following spells:

 Your Spells              Type           Power        Failure   Level  Hunger
b - Iskenderun's Mystic   Conj           #####...     3%          4    ###....
y - Searing Ray           Conj           #####.       1%          2    None
z - Magic Dart            Conj           ####         1%          1    None


Dungeon Overview and Level Annotations

Branches:
Dungeon (4/15)
 Temple: D:4-7

Altars:
Wu Jian
Xom

Shops:
D:4 (

Annotations:
D:4 Ijyb


Message History

The two-headed ogre is lightly wounded.
You are feeling hungry.
Casting: Iskenderun's Mystic Blast (safe; 3% risk of failure)
Confirm with . or Enter, or press ? or * to list all spells.
Aiming: Searing Ray (safe; 1% risk of failure)
Press: ? - help, Shift-Dir - straight line, f/p - two-headed ogre
Aim: a two-headed ogre, wielding two giant clubs (lightly wounded)
The searing ray hits the two-headed ogre.
The two-headed ogre is moderately wounded. (Press . to maintain the ray.)
The searing ray hits the two-headed ogre.
The two-headed ogre is lightly wounded.
The searing ray misses the two-headed ogre.
The two-headed ogre hits you with a giant club! x2
* * * LOW HITPOINT WARNING * * *
You see here a scale mail.
The two-headed ogre misses you.
The two-headed ogre hits you with a giant club!!
Ouch! That really hurt!
You die...

##.#.#.#
#........#######
#### ....##.#
#.##.###.......#
####.#.# #.##.#
#######.#
##..#####.##.# #..#
#........##.####
#.##
##.##.##.......# #.#
#.............# #.#
####.##.......# #.#
#..<.......@..# #.#
#.##.##...O...# #.#
#.##.##(..[...# #.#
#....##.......# #.#
#..####.####### #.#
#.......# #.#
##.###### #.# #.#
##########.#
#.#######.......##.#


You could see a two-headed ogre.

Vanquished Creatures
  Sigmund (D:3)
  An ogre (D:4)
  A centaur skeleton (D:4)
  Terence (D:3)
  Robin (D:3)
  5 adders
  2 oozes
  A worm (D:2)
  4 dart slugs
  3 leopard geckos
  4 orcs
  A ball python (D:4)
  3 bats
  5 giant cockroaches
  22 goblins
  11 hobgoblins
  9 jackals
  9 kobolds
  4 frilled lizards (D:1)
  A quokka skeleton (D:4)
  7 rats
96 creatures vanquished.

Vanquished Creatures (others)
  An ogre (D:4)
1 creature vanquished.

Grand Total: 97 creatures vanquished

Notes
Turn   | Place    | Note
-------+----------+-------------------------------------------
     0 | D:1      | Gremour the Deep Elf Conjurer began the quest for the Orb.
     0 | D:1      | Reached XP level 1. HP: 10/10 MP: 6/6
   182 | D:1      | Reached XP level 2. HP: 15/15 MP: 5/8
   323 | D:1      | Reached skill level 5 in Conjurations
   529 | D:1      | Reached XP level 3. HP: 19/19 MP: 6/9
  1427 | D:2      | Reached XP level 4. HP: 24/24 MP: 0/11
  1545 | D:2      | Reached skill level 4 in Spellcasting
  1949 | D:2      | Learned a level 4 spell: Iskenderun's Mystic Blast
  2052 | D:3      | Noticed Terence
  2082 | D:3      | Killed Terence
  2155 | D:3      | Noticed Sigmund
  2398 | D:3      | Found an ornate altar of the Wu Jian Council.
  2432 | D:3      | Learned a level 2 spell: Searing Ray
  2556 | D:3      | Reached XP level 5. HP: 28/28 MP: 11/14
  2749 | D:3      | Reached skill level 5 in Spellcasting
  2863 | D:3      | Killed Sigmund
  2863 | D:3      | Reached skill level 6 in Spellcasting
  2863 | D:3      | Reached XP level 6. HP: 32/32 MP: 6/17
  3053 | D:3      | Noticed Robin
  3095 | D:3      | Killed Robin
  3383 | D:4      | Found a shimmering altar of Xom.
  3406 | D:4      | Reached skill level 7 in Spellcasting
  3524 | D:4      | Noticed a two-headed ogre
  3800 | D:4      | Found Weud's Weapon Boutique.
  3815 | D:4      | Noticed Ijyb
  4027 | D:3      | Mangled by a two-headed ogre

Vault maps used:
D:1:      arrival_zaba_pyramid
D:2:      first_ration
D:3:      nicolae_overflow_crystal_walls, minmay_distorted, uniq_robin,
          uniq_sigmund, uniq_terence
D:4:      kennysheep_slug_shrine, serial_shops, shop, xom_confusion_cloud,
          uniq_ijyb

Skill      XL: |  1  2  3  4  5  6 |
---------------+-------------------+-----
Conjurations   | 5 6 |  6.6
Spellcasting   | 4 6 7 |  7.0
Dodging        | 3 |  3.9
Stealth        | |  2.4

Action                   |  1- 3 |  4- 6 || total
-------------------------+-------+-------++-------
Melee: Dagger            |    31 |    40 ||    71
       Unarmed           |     1 |       ||     1
 Cast: Magic Dart        |    74 |    83 ||   157
       Iskenderun's Myst |       |     7 ||     7
       Searing Ray       |       |     6 ||     6
  Use: Potion            |     1 |     3 ||     4
       Scroll            |       |     4 ||     4
 Stab: Distracted        |     1 |       ||     1
       Sleeping          |     1 |     3 ||     4
  Eat: Chunk             |     1 |     2 ||     3
       Ration            |       |     2 ||     2
Armor: Leather armour    |    20 |    27 ||    47
Dodge: Dodged            |    38 |    57 ||    95

Table legend:
 A = Spawn XP
 B = Non-spawn XP
 C = Spawn XP percentage of total XP
 D = Spawn monster count
 E = Non-spawn monster count
 F = Spawn count percentage of total count
 G = Total turns spent on level
                    A         B        C        D         E        F      G
               +---------+---------+-------+---------+---------+-------+---------
         Total |       0 |     661 |   0.0 |       0 |      96 |   0.0 |  4027
               +---------+---------+-------+---------+---------+-------+---------
           D:1 |       0 |      75 |   0.0 |       0 |      30 |   0.0 |  1292
           D:2 |       0 |      45 |   0.0 |       0 |      23 |   0.0 |  1103
           D:3 |       0 |     364 |   0.0 |       0 |      37 |   0.0 |  1423
           D:4 |       0 |     177 |   0.0 |       0 |       6 |   0.0 |   209
               +---------+---------+-------+---------+---------+-------+---------
